 Dungeon Crawl Stone Soup version 0.27.1-35-g4d5d836560 (webtiles) character file.

Game seed: 1516459681600323119

560 unlimited1921 the Firebug (level 7, -2/45 HPs)
             Began as an Octopode Fire Elementalist on May 11, 2022.
             Succumbed to a water moccasin's poison
             ... on level 4 of the Dungeon.
             The game lasted 00:20:44 (8659 turns).

unlimited1921 the Firebug (OpFE)                    Turns: 8659, Time: 00:20:45

Health: -2/45      AC:  1    Str:  7    XL:     7   Next: 31%
Magic:  5/12       EV: 13    Int: 20    God:
Gold:   265        SH:  0    Dex: 12    Spells: 9/13 levels left

rFire    . . .     SeeInvis .   m - +2 quarterstaff (chaos)
rCold    . . .     Faith    .   (shield currently unavailable)
rNeg     . . .     Spirit   .   (helmet restricted)
rPois    .         Reflect  .   (no amulet)
rElec    .         Harm     .   (no ring)
rCorr    .         Rampage  .   (no ring)
Will     .....                  (no ring)
Stlth    +++.......             (no ring)
HPRegen  0.15/turn              (no ring)
MPRegen  0.13/turn              (no ring)
                                (no ring)
                                (no ring)

@: lethally poisoned (-2 -> -27)
A: almost no armour, amphibious, 8 rings, camouflage 1, gelatinous body 1,
(nimble swimmer 1), tentacles
a: no special abilities


You were on level 4 of the Dungeon.
You visited 1 branch of the dungeon, and saw 5 of its levels.

You collected 265 gold pieces.

Inventory:

Hand Weapons
 m - a +2 quarterstaff of chaos (weapon)
 n - a +1 hand axe of electrocution
Missiles
 c - 18 stones
 g - 14 poisoned darts
 i - a throwing net
 l - 7 sling bullets
 o - 3 boomerangs
Jewellery
 s - a ring of magical power
 u - a ring of ice
 A - a +6 ring of strength
Scrolls
 d - a scroll of magic mapping {unknown}
 f - 2 scrolls of acquirement {unknown}
 j - a scroll of summoning {unknown}
 k - a scroll of enchant armour {unknown}
 q - a scroll of fog {unknown}
 t - a scroll of immolation {unknown}
 v - a scroll of identify {unknown}
 w - a scroll of noise {unknown}
 y - a scroll of teleportation {unknown}
Potions
 a - 3 potions of lignification {unknown}
 b - a potion of haste {unknown}
 e - 4 potions of attraction {unknown}
 h - a potion of ambrosia {unknown}
 p - 3 potions of brilliance {unknown}
 r - a potion of berserk rage {unknown}
 x - a potion of heal wounds {unknown}
 z - a potion of degeneration {unknown}


   Skills:
 * Level 2.9 Fighting
 + Level 1.8 Staves
 + Level 2.1 Dodging
 + Level 3.9 Stealth
 + Level 3.9 Spellcasting
 + Level 3.2 Conjurations
 + Level 4.5 Fire Magic


You had 9 spell levels left.
You knew the following spells:

 Your Spells              Type           Power      Damage    Failure   Level
a - Foxfire               Conj/Fire      76%        2x1d7     2%          1
b - Inner Flame           Hex/Fire       12%        N/A       16%         3

Your spell library contained the following spells:

 Spells                   Type           Power      Damage    Failure   Level
 Conjure Flame            Conj/Fire      19%        6-21      8%          3
 Corpse Rot               Necr/Air       N/A        N/A       21%         2
 Sticky Flame             Conj/Fire      19%        2d4       26%         4
 Ozocubu's Armour         Ice            3%         N/A       36%         3
 Fireball                 Conj/Fire      9%         3d6       58%         5
 Dispel Undead            Necr           3%         3d7       78%         4
 Death Channel            Necr           1%         N/A       100%        6
 Ozocubu's Refrigeration  Ice            1%         4d5       100%        7


Dungeon Overview and Level Annotations

Branches:
Dungeon (5/15)
 Temple: D:4-7

Altars:
Wu Jian

Shops:
D:2 =

Annotations:
D:3 2 transporters, Aldia's ghost, amateur SpEn


Innate Abilities, Weirdness & Mutations

You cannot wear most types of armour.
You are amphibious.
You can wear up to eight rings at the same time.
Your skin changes colour to match your surroundings (Stealth+).
Your rubbery body absorbs attacks. (AC +1, EV +1)
((You are camouflaged near water. (Stealth+)))
You have tentacles for arms and can constrict up to eight enemies at once.


Message History

The sky beast is almost dead.
The sky beast hits you. The sky beast shocks you.
The foxfire hits the sky beast.
You kill the sky beast!
The foxfire hits the centaur but does no damage.
The centaur is moderately wounded.
The centaur shoots an arrow.
The arrow hits you. The water moccasin misses you.
The centaur shoots an arrow.
The arrow misses you. The water moccasin closely misses you.
There is a stone staircase leading up here.
The water moccasin bites you.
You climb upwards.
There is a stone staircase leading down here.
Casting: Foxfire (safe; 2% risk of failure)
Confirm with . or Enter, or press ? or * to list all spells.
You conjure some foxfire!
The water moccasin barely misses you. The water moccasin misses you.
You are too injured to fight recklessly!
The foxfire hits the water moccasin.
The water moccasin is lightly wounded.
The foxfire hits the water moccasin!
The water moccasin is moderately wounded.
Casting: Foxfire (safe; 2% risk of failure)
Confirm with . or Enter, or press ? or * to list all spells.
You conjure some foxfire!
The water moccasin closely misses you. The water moccasin bites you.
You are poisoned.
The water moccasin poisons you!
Your foxfire dissipates!
You feel very sick.
The foxfire hits the water moccasin.
The water moccasin is heavily wounded.
Casting: Foxfire (safe; 2% risk of failure)
Confirm with . or Enter, or press ? or * to list all spells.
You conjure some foxfire!
You feel sick. The water moccasin bites you!
* * * LOW HITPOINT WARNING * * *
You are more poisoned.
The water moccasin poisons you! The water moccasin barely misses you.
Your foxfire dissipates!
You die...

.....#
###########.###.#....
.....# #.....#.###
###### #.#####.# #
####[###.#.#
#........#.###
#....###.#...#
#####....# #.###.#
#v.S>....# #.###.#
#@....#### #...#.#
#.....# ###.#.#
#.....# #.#.# #.....#
#.#.. ####### #.###
#.... #####


You could see a water moccasin (ally target).

Vanquished Creatures
  A sky beast (D:5)
  2 ogres (D:4)
  An orc priest (D:3)
  Crazy Yiuf (D:2)
  An iguana (D:4)
  An orc wizard (D:4)
  A hound skeleton (D:4)
  5 adders
  4 gnolls (D:4)
  2 worms
  3 dart slugs
  10 orcs
  2 bats
  7 endoplasms
  4 giant cockroaches
  8 goblins
  9 hobgoblins
  3 kobolds
  5 quokkas
  3 ball pythons
  2 frilled lizards (D:1)
  4 rats
79 creatures vanquished.

Vanquished Creatures (collateral kills)
  13 foxfires (D:3)
13 creatures vanquished.

Vanquished Creatures (others)
  317 foxfires
  5 fungi (D:2)
  19 plants (D:3)
341 creatures vanquished.

Grand Total: 433 creatures vanquished

Notes
Turn   | Place    | Note
-------+----------+-------------------------------------------
     0 | D:1      | unlimited1921 the Octopode Fire Elementalist began the
                  | quest for the Orb.
     0 | D:1      | Reached XP level 1. HP: 11/11 MP: 3/3
   276 | D:1      | Reached XP level 2. HP: 17/17 MP: 0/5
   832 | D:1      | Found a faded altar of an unknown god.
   832 | D:1      | Noticed a great orb of eyes
   837 | D:1      | Noticed a great orb of eyes
   837 | D:1      | Noticed a floating eye
   837 | D:1      | Noticed a great orb of eyes
  1714 | D:2      | Reached XP level 3. HP: 22/22 MP: 1/6
  1780 | D:2      | Found Dirimioch's Jewellery Emporium.
  1904 | D:2      | Found an ornate altar of the Wu Jian Council.
  2947 | D:2      | Found a runed translucent door.
  2948 | D:2      | Noticed Crazy Yiuf
  2965 | D:2      | Killed Crazy Yiuf
  2966 | D:2      | Reached skill level 1 in Fighting
  2966 | D:2      | Reached XP level 4. HP: 8/28 MP: 2/7
  3725 | D:3      | Found a transporter.
  3725 | D:3      | Noticed Aldia's ghost (amateur SpEn)
  3728 | D:3      | Found a transporter.
  3730 | D:3      | Identified the +10 dire flail of Prudence {elec, rElec rF++
                  | Stlth+}
  3730 | D:3      | Noticed an ogre
  3731 | D:3      | Noticed an ogre
  4055 | D:3      | Reached XP level 5. HP: 33/33 MP: 6/9
  4845 | D:3      | Learned a level 3 spell: Inner Flame
  7180 | D:4      | Reached skill level 1 in Staves
  7199 | D:4      | Reached skill level 4 in Fire Magic
  7302 | D:4      | Reached XP level 6. HP: 39/39 MP: 5/10
  8331 | D:4      | Reached XP level 7. HP: 45/45 MP: 3/12
  8643 | D:4      | You fall into a shaft and drop 1 floor!
  8643 | D:5      | Entered Level 5 of the Dungeon
  8659 | D:4      | Succumbed to a water moccasin's poison

Illustrated notes

Levels and vault maps discovered:
D:1:      saegor_arrival_simple_b, layout_rooms,
          hellmonk_ecumenical_altar_watching_god, grunt_decor_mini_mirrors,
          roderic_serpentine_path, serial_bayou_pond_c
D:2:      layout_loops_ring, basic_altar, serial_shops, shop,
          uniq_crazy_yiuf_cottage
D:3:      layout_loops_ring, serial_forest, infiniplex_forest_clump_long,
          infiniplex_forest_straight_2, infiniplex_forest_clump_cross,
          infiniplex_forest_clump_long, infiniplex_forest_straight_3,
          infiniplex_forest_split, infiniplex_forest_lined_3,
          gammafunk_ghost_smash, chequers_serial_rivers_small_a,
          kennysheep_generic_room_2
D:4:      layout_basic, minmay_fractal_squares_diagonal_5
D:5:      layout_rooms

Skill      XL: |  1  2  3  4  5  6 |
---------------+-------------------+-----
Stealth        | 3 |  3.9
Fighting       | 1 2 |  2.9
Spellcasting   | 3 |  3.9
Conjurations   | 2 3 |  3.2
Staves         | 1 |  1.8
Fire Magic     | 4 |  4.5
Dodging        | |  2.1

Action                   |  1- 3 |  4- 6 |  7- 9 || total
-------------------------+-------+-------+-------++-------
Melee: Dagger            |    19 |       |       ||    19
       Tentacles         |     4 |    10 |       ||    14
       Constrict         |     8 |    11 |       ||    19
       Quarterstaff      |       |    69 |     1 ||    70
 Cast: Foxfire           |    63 |   135 |    13 ||   211
 Stab: Sleeping          |     2 |     6 |     1 ||     9
Armor: Skin              |     1 |     5 |       ||     6
Dodge: Dodged            |    16 |    27 |     8 ||    51
